 Dungeon Crawl Stone Soup version 0.31-a0-214-gb37851dbb3 (webtiles) character file.

Game seed: 8236518206671002389

92536 qw the Severer (level 16, -21/116 HPs)
             Began as a Gargoyle Fighter on July 1, 2023.
             Was an Elder of Okawaru.
             Killed from afar by an ancient lich (58 damage)
             ... with a bolt of acid
             ... on level 3 of the Abyss.
             The game lasted 00:13:23 (20128 turns).

qw the Severer (Gargoyle Fighter)                  Turns: 20128, Time: 00:13:24

Health: -21/116    AC: 36    Str: 27    XL:     16   Next: 6%
Magic:  23/23      EV: 16    Int: 10    God:    Okawaru [****..]
Gold:   1379       SH:  7    Dex:  9    Spells: 15/15 levels left

rFire   . . .        F - +1 war axe (vamp)
rCold   . . .        c - +0 buckler
rNeg    + . .        e - +4 plate armour {rF+}
rPois   inf          u - +0 helmet
rElec   +            D - +2 cloak
rCorr   .            v - +2 pair of gloves
SInv    +            a - +0 pair of boots
Will    +....        G - amulet of faith Stlth
                     m - +5 ring of evasion
HPRegen 0.39/turn    l - ring of see invisible
MPRegen 0.18/turn

%: clarity, faith
@: about to teleport, heroic, corroded, flying
A: sickness immunity, AC +12, big wings, negative energy resistance 1,
electricity resistance, torment resistance 1, petrification resistance, clarity,
robust 1, heat vulnerability 1, [deformed body]
a: Renounce Religion, Heroism, Finesse


You were on level 3 of the Abyss.
You worshipped Okawaru.
Okawaru was greatly pleased with you.
You visited 3 branches of the dungeon, and saw 21 of its levels.
You visited the Abyss 2 times.

You collected 2216 gold pieces.
You spent 837 gold pieces at shops.


Innate Abilities, Weirdness & Mutations

You are immune to sickness and miasma.
Your stone body is resilient. (AC +12)
You are immune to poison.
Your large and strong wings let you fly.
You resist negative energy. (rN+)
You are resistant to electric shocks. (rElec)
You are resistant to unholy torment.
You are immune to petrification.
You possess an exceptional clarity of mind.
You are robust. (+10% HP)
You are vulnerable to heat. (rF-)
[Armour fits poorly on your strangely shaped body.]


   Skills:
 - Level 14.0(19.0) Fighting
 - Level 16.0(21.0) Axes
 - Level 7.1(12.1) Throwing
 + Level 13.0(18.0) Armour
 - Level 4.5(9.5) Dodging
 - Level 9.1(14.1) Shields
 - Level 10.0 Invocations


You had 15 spell levels left.
You didn't know any spells.
Your spell library was empty.

Inventory:

Hand Weapons
 x - a +2 flail of freezing
 F - a +1 vampiric war axe (weapon)
 I - the +3 war axe of Joyful Slaughter {vamp, Fragile rElec Int+9 Stlth-}
   (Okawaru gifted it to you on level 14 of the Dungeon)

   Int:       It affects your intelligence (+9).
   rElec:     It insulates you from electricity.
   Fragile:   It will be destroyed if unequipped.
   Stlth:     It makes you less stealthy.
 L - a +4 broad axe
Armour
 a - a +0 pair of boots (worn)
 c - a +0 buckler (worn)
 e - a +4 plate armour of fire resistance (worn)
 k - +0 acid dragon scales
 u - a +0 helmet (worn)
 v - a +2 pair of gloves (worn)
 D - a +2 cloak (worn)
Jewellery
 i - a ring of protection from cold
 l - a ring of see invisible (right hand)
 m - a +5 ring of evasion (left hand)
 n - a ring of ice
 o - the amulet "Nenif" {+Blink rN+++ Regen+ Dex-4 Stlth+}
   (You took it off a goblin on level 2 of the Dungeon)

   [amulet of regeneration]

   Dex:       It affects your dexterity (-4).
   rN:        It renders you almost immune to negative energy.
   +Blink:    It lets you blink.
   Regen:     It increases your rate of health regeneration.
   Stlth:     It makes you more stealthy.
 p - a ring of protection from fire
 r - a ring of protection from fire
 y - an amulet of reflection
 B - a +4 ring of slaying {mikee}
 G - an amulet of faith (around neck)
Wands
 s - a wand of digging (7)
Scrolls
 j - 9 scrolls of identify
 t - 3 scrolls of teleportation
Potions
 b - 3 potions of mutation
 d - 2 potions of might
 f - 5 potions of lignification
 h - a potion of attraction
 q - a potion of cancellation
 z - 4 potions of curing
 A - 2 potions of haste
 E - a potion of magic
 H - 2 potions of enlightenment
 J - a potion of resistance

Dungeon Overview and Level Annotations

Branches:
Dungeon (15/15)            Temple (1/1) D:7            Lair (5/5) D:9
 Shoals (0/4) Lair:3        Snake (0/4) Lair:2        Slime (0/5) Lair:4
    Orc (0/2) D:9          Vaults (0/5) D:14
 Depths: D:15

Altars:
Ashenzari
Cheibriados
Dithmenos
Elyvilon
Fedhas
Gozag
Hepliaklqana
Kikubaaqudgha
Makhleb
Nemelex Xobeh
Okawaru
Qazlal
Ru
Sif Muna
Trog
Uskayaw
Vehumet
Wu Jian
Xom
Yredelemnul
Zin
The Shining One
Jiyva

Shops:
D:4 *   D:6 (   D:12 =

Annotations:
D:7 2 transporters
D:13 2 transporters
D:15 Louise
Lair:2 exclusion: 2 wolves
Lair:5 3 runed translucent doors, qw's ghost, journeyman GrFi


Message History

You hit the ancient lich but do no damage.
The ancient lich is severely damaged.
The ancient lich casts a spell at you. The crystal spear misses you.
You hit the ancient lich but do no damage.
The ancient lich is severely damaged.
The ancient lich touches you!
You hit the ancient lich but do no damage.
The ancient lich is severely damaged.
The ancient lich casts a spell at you. The bolt of acid hits you!!
20122 ||| READING 4 scrolls of teleportation.
As you read the scroll of teleportation, it crumbles to dust.
You feel strangely unstable.
You feel the power of the Abyss delaying your translocation!
The ancient lich touches you but does no damage.
20123 ||| DRINKING potion of heal wounds.
You feel much better. The ancient lich closely misses you.
The ancient lich touches you but does no damage.
You slash the ancient lich!
The ancient lich is almost destroyed.
The ancient lich casts a spell at you. The crystal spear misses you.
You barely miss the ancient lich.
The ancient lich is almost destroyed.
You block the ancient lich's attack.
You slash the ancient lich!
The ancient lich is almost destroyed.
The ancient lich touches you but does no damage.
You hit the ancient lich but do no damage.
The ancient lich is almost destroyed.
The ancient lich casts a spell at you.
You are unaffected.
You barely miss the ancient lich.
The ancient lich is almost destroyed.
The ancient lich casts a spell at you. The bolt of acid hits you!!!
Ouch! That really hurt!
You die...

. . .. ##
_.#.... # .#.
.... . .. .
..... ... #... .
# ##.## ##.## ##
##...## ..##
..#.#....L#.....
..
#......@.......
#.##.....#.....
.. ##...### ..##
. ##.## #.## ...
##.. # #... .. .
# . ......... ..
.#.... .. .#..
.# . ###..


You could see an ancient lich (fast, invisible).

Vanquished Creatures
  2 tentacled starspawn (Abyss:2)
  An ironbound preserver (D:14)
  2 very ugly things (Abyss:2)
  A starcursed mass (Abyss:2)
  A great orb of eyes (Abyss:2)
  Josephine (D:15)
  5 hydras
  2 catoblepae
  7 centaur warriors
  7 two-headed ogres
  A death knight (D:14)
  2 boulder beetles
  A tengu warrior (D:13)
  A deep troll shaman (Lair:5)
  8 death yaks
  Nergalle (Lair:1)
  3 skysharks (Lair:5)
  A wretched star (Abyss:3)
  3 skeletal warriors (D:13)
  A lindwurm (Lair:3)
  4 harpies
  Pikel (D:8)
  2 deep elf pyromancers
  A shining eye (Abyss:3)
  5 manticores
  8 ugly things
  8 cyclopes
  A salamander (Lair:2)
  11 black mambas
  17 elephants
  Joseph (D:8)
  An apocalypse crab (Abyss:2)
  15 cane toads
  A cane toad (shapeshifter) (D:15)
  A gargoyle (D:12)
  2 torpor snails
  Maggie (D:7)
  Psyche (D:8)
  13 komodo dragons
  3 kobold demonologists
  2 rime drakes (Lair:1)
  2 freezing wraiths (D:14)
  An ice devil (Abyss:2)
  A tengu conjurer (D:13)
  An efreet (Abyss:2)
  A meliai (shapeshifter) (D:14)
  6 trolls
  A queen bee (shapeshifter) (D:15)
  A hornet (D:9)
  3 polar bears
  4 meliai
  3 slime creatures (D:13)
  11 blink frogs
  2 large abominations (Abyss:2)
  A spriggan (Lair:1)
  2 small abominations (Abyss:2)
  7 wraiths
  A ynoxinul (Abyss:3)
  3 vampires
  2 wyverns
  2 water elementals (D:14)
  56 yaks
  2 basilisks
  A golden eye (shapeshifter) (D:14)
  A steam dragon (D:6)
  6 vampire mosquitoes
  Menkaure (D:7)
  Duvessa (D:7)
  An acid dragon (D:13)
  14 water moccasins
  2 orc warriors (D:10)
  A sky beast (D:6)
  A boggart (D:14)
  An ice beast (D:7)
  An ogre (D:7)
  31 wolves
  10 centaurs
  2 lemures (D:8)
  5 kobold brigands
  A phantom (D:6)
  3 scorpions
  4 gnoll sergeants
  10 bullfrogs
  7 wights
  Dowan (D:7)
  9 killer bees
  8 electric eels
  4 howler monkeys
  A crimson imp (Abyss:2)
  3 lava snakes (Lair:2)
  10 hounds
  4 orc priests
  An iron imp (Abyss:2)
  A sleepcap (D:6)
  A gnoll bouda (D:6)
  Natasha (D:2)
  3 iguanas
  11 orc wizards
  23 gnolls
  6 adders
  A shadow imp (D:6)
  2 white imps
  3 dart slugs
  30 orcs
  7 ball pythons
  5 endoplasms
  2 giant cockroaches (D:1)
  10 hobgoblins
  4 jackals (D:3)
  40 kobolds
  2 quokkas
  3 bats (D:1)
  3 frilled lizards
  7 goblins
  6 rats
  3 starspawn tentacles (Abyss:2)
582 creatures vanquished.

Vanquished Creatures (others)
  2 starspawn tentacles (Abyss:2)
2 creatures vanquished.

Grand Total: 584 creatures vanquished

Notes
Turn   | Place    | Note
-------+----------+-------------------------------------------
     0 | D:1      | qw the Gargoyle Fighter began the quest for the Orb.
     0 | D:1      | Reached XP level 1. HP: 14/14 MP: 1/1
     0 | D:1      | 0 ||| qw: Version: 0.3-a-32-g5962c71
     0 | D:1      | 0 ||| qw: Game counter: 7429
     0 | D:1      | 0 ||| qw: Melee chars always use a shield: true
     0 | D:1      | 0 ||| qw: God list: Okawaru
     0 | D:1      | 0 ||| qw: Allow faded altars: false
     0 | D:1      | 0 ||| qw: Do Orc after clearing Dungeon:15 true
     0 | D:1      | 0 ||| qw: Do second Lair branch before Depths: true
     0 | D:1      | 0 ||| qw: Lair rune preference: random
     0 | D:1      | 0 ||| qw: Goals: Normal, Zot:1-4, Slime:5, God:TSO, Crypt,
                  | Tomb, Abyss, Pan, Hells, Win
     0 | D:1      | 0 ||| PLANNING D:1-11
    34 | D:1      | Reached skill level 2 in Axes
    75 | D:1      | Reached XP level 2. HP: 18/19 MP: 2/2
   461 | D:1      | Reached skill level 3 in Axes
   462 | D:1      | 462 ||| DROPPING +0 whip.
   488 | D:1      | Reached XP level 3. HP: 23/23 MP: 3/3
   759 | D:1      | 759 ||| UPGRADING to +0 pair of gloves.
   764 | D:1      | 764 ||| UPGRADING to +4 ring of protection.
   765 | D:1      | 765 ||| READING scroll labelled YLOUNN GEGHOTH.
   766 | D:1      | 766 ||| READING scroll labelled YSUBOT ZUMOGOB.
  1007 | D:2      | Noticed Natasha
  1015 | D:2      | Killed Natasha
  1016 | D:2      | Reached XP level 4. HP: 8/28 MP: 4/4
  1199 | D:2      | Identified the amulet "Nenif" {+Blink rN+++ Regen+ Dex-4
                  | Stlth+}
  1202 | D:2      | 1202 ||| Stepping ~*~*~tactically~*~*~ (stealth).
  1218 | D:2      | Reached skill level 4 in Axes
  1582 | D:2      | 1582 ||| UPGRADING to +0 pair of boots.
  1587 | D:2      | 1587 ||| UPGRADING to +0 chain mail.
  1597 | D:2      | 1597 ||| DROPPING +0 scale mail.
  1598 | D:2      | 1598 ||| UPGRADING to amulet "Nenif" {+Blink rN+++ Regen+
                  | Dex-4 Stlth+}.
  1603 | D:2      | 1603 ||| UPGRADING to ring of see invisible.
  1604 | D:2      | 1604 ||| UPGRADING to +5 ring of evasion.
  1606 | D:2      | 1606 ||| READING scroll labelled BUGUIH RUEC.
  1607 | D:2      | 1607 ||| DRINKING 2 inky potions.
  1608 | D:2      | 1608 ||| DRINKING 2 dark potions.
  1907 | D:3      | 1907 ||| DROPPING +0 mace.
  1940 | D:3      | Found a sacrificial altar of Ru.
  1941 | D:3      | Found a blossoming altar of Fedhas.
  1941 | D:3      | Found a bloodstained altar of Trog.
  1942 | D:3      | Found a hide-covered altar of Uskayaw.
  1942 | D:3      | Found an ornate altar of the Wu Jian Council.
  1942 | D:3      | Found an opulent altar of Gozag.
  1944 | D:3      | Found a white marble altar of Elyvilon.
  1944 | D:3      | Found a broken altar of Ashenzari.
  1944 | D:3      | Found a sparkling altar of Nemelex Xobeh.
  1967 | D:3      | Reached XP level 5. HP: 32/32 MP: 5/5
  2501 | D:3      | 2501 ||| UPGRADING to +0 plate armour.
  2511 | D:3      | 2511 ||| DROPPING +0 chain mail.
  2512 | D:3      | 2512 ||| READING scroll labelled MOAMPO IHAIROP.
  2513 | D:3      | 2513 ||| DRINKING 2 sedimented clear potions.
  2514 | D:3      | 2514 ||| DROPPING potion of invisibility.
  2655 | D:4      | Found Xigh's CLEARANCE SALE!.
  2660 | D:4      | 2660 ||| BUYING scroll of identify (16 gold).
  2660 | D:4      | Bought a scroll of identify for 16 gold pieces
  2761 | D:4      | Reached skill level 5 in Axes
  2763 | D:4      | Reached XP level 6. HP: 38/38 MP: 6/6
  2767 | D:4      | 2767 ||| Stepping ~*~*~tactically~*~*~ (stealth).
  2799 | D:4      | 2799 ||| Stepping ~*~*~tactically~*~*~ (hiding).
  2800 | D:4      | 2800 ||| Stepping ~*~*~tactically~*~*~ (hiding).
  3201 | D:4      | 3201 ||| UPGRADING to +2 pair of gloves.
  3211 | D:4      | 3211 ||| DROPPING +0 pair of gloves.
  3212 | D:4      | 3212 ||| DROPPING ring of flight.
  3213 | D:4      | 3213 ||| READING scroll labelled GOURGHY SYETHREM.
  3218 | D:4      | 3218 ||| READING scroll labelled QUMYSA FAUB.
  3219 | D:4      | 3219 ||| READING scroll labelled YDDUMA HYCIGE.
  3220 | D:4      | 3220 ||| DRINKING 3 golden potions.
  3220 | D:4      | Gained mutation: You have a somewhat thin skeletal
                  | structure. (Dex +2, Stealth+) [potion of mutation]
  3220 | D:4      | Gained mutation: You are agile. (Dex +4, Str/Int -1)
                  | [potion of mutation]
  3220 | D:4      | Gained mutation: Your movements are slightly less
                  | encumbered by armour. (ER -2) [potion of mutation]
  3228 | D:5      | Entered Level 5 of the Dungeon
  3348 | D:5      | 3348 ||| Stepping ~*~*~tactically~*~*~ (stealth).
  3372 | D:5      | 3372 ||| Stepping ~*~*~tactically~*~*~ (stealth).
  3442 | D:5      | 3442 ||| Stepping ~*~*~tactically~*~*~ (hiding).
  3445 | D:5      | 3445 ||| Stepping ~*~*~tactically~*~*~ (hiding).
  3492 | D:5      | 3492 ||| DROPPING +2 mace of protection.
  3596 | D:5      | 3596 ||| Stepping ~*~*~tactically~*~*~ (stealth).
  3602 | D:5      | 3602 ||| Stepping ~*~*~tactically~*~*~ (stealth).
  3622 | D:5      | 3622 ||| Stepping ~*~*~tactically~*~*~ (stealth).
  3624 | D:5      | 3624 ||| Stepping ~*~*~tactically~*~*~ (hiding).
  3842 | D:5      | Reached skill level 6 in Axes
  3856 | D:5      | Reached XP level 7. HP: 43/43 MP: 7/7
  3901 | D:5      | 3901 ||| Stepping ~*~*~tactically~*~*~ (hiding).
  3904 | D:5      | 3904 ||| Stepping ~*~*~tactically~*~*~ (hiding).
  3905 | D:5      | 3905 ||| Stepping ~*~*~tactically~*~*~ (hiding).
  3911 | D:5      | 3911 ||| Stepping ~*~*~tactically~*~*~ (stealth).
  3934 | D:5      | 3934 ||| Stepping ~*~*~tactically~*~*~ (stealth).
  3966 | D:5      | 3966 ||| Stepping ~*~*~tactically~*~*~ (stealth).
  4242 | D:5      | 4242 ||| UPGRADING to +2 plate armour of fire resistance.
  4252 | D:5      | 4252 ||| DROPPING +0 plate armour.
  4253 | D:5      | 4253 ||| UPGRADING to +0 helmet.
  4316 | D:6      | 4316 ||| Stepping ~*~*~tactically~*~*~ (stealth).
  4319 | D:6      | 4319 ||| Stepping ~*~*~tactically~*~*~ (stealth).
  4370 | D:6      | Reached skill level 1 in Throwing
  4441 | D:6      | Reached skill level 1 in Dodging
  4491 | D:6      | 4491 ||| SWAPPING to +0 broad axe.
  4492 | D:6      | 4492 ||| DROPPING +1 war axe.
  4575 | D:6      | Reached skill level 7 in Axes
  4575 | D:6      | Reached XP level 8. HP: 47/48 MP: 8/8
  4582 | D:6      | 4582 ||| READING scroll labelled CUQOINW NEITYRCH.
  4583 | D:6      | 4583 ||| DRINKING 2 green potions.
  4680 | D:6      | Found Duer's Antique Weapon Boutique.
  4704 | D:6      | 4704 ||| BUYING runed war axe (221 gold).
  4704 | D:6      | Bought a runed war axe for 221 gold pieces
  4704 | D:6      | 4704 ||| DROPPING +6 war axe of freezing.
  4793 | D:6      | 4793 ||| READING scroll of enchant weapon.
  4793 | D:6      | 4793 ||| ENCHANTING +0 broad axe.
  5217 | D:6      | 5217 ||| READING 3 scrolls of identify.
  5217 | D:6      | 5217 ||| IDENTIFYING bubbling amethyst potion
  5218 | D:6      | 5218 ||| READING 2 scrolls of identify.
  5218 | D:6      | 5218 ||| IDENTIFYING murky silvery potion
  5219 | D:6      | 5219 ||| DROPPING potion of brilliance.
  5220 | D:6      | 5220 ||| DROPPING potion of degeneration.
  5262 | D:7      | 5262 ||| Stepping ~*~*~tactically~*~*~ (hiding).
  5296 | D:7      | Reached skill level 8 in Axes
  5319 | D:7      | Found a staircase to the Ecumenical Temple.
  5320 | D:7      | 5320 ||| PLANNING TEMPLE
  5328 | Temple   | Entered the Ecumenical Temple
  5468 | Temple   | 5468 ||| PLANNING D:1-11
  5495 | D:7      | Found a stormy altar of Qazlal.
  5558 | D:7      | Reached skill level 6 in Fighting
  5558 | D:7      | Reached XP level 9. HP: 55/55 MP: 9/9
  5561 | D:7      | 5561 ||| Stepping ~*~*~tactically~*~*~ (stealth).
  5573 | D:7      | Reached skill level 6 in Armour
  5625 | D:7      | Found a radiant altar of Vehumet.
  5625 | D:7      | Noticed a green ugly thing
  5626 | D:7      | Noticed a boulder beetle
  5628 | D:7      | Found a shimmering altar of Xom.
  5629 | D:7      | Noticed a boulder beetle
  5629 | D:7      | Noticed a two-headed ogre
  5630 | D:7      | Found a transporter.
  5632 | D:7      | 5632 ||| Stepping ~*~*~tactically~*~*~ (hiding).
  5746 | D:7      | Found a transporter.
  5779 | D:7      | Noticed Duvessa
  5779 | D:7      | Noticed Dowan
  5782 | D:7      | Noticed Maggie
  5785 | D:7      | Killed Duvessa
  5791 | D:7      | Killed Dowan
  5798 | D:7      | Killed Maggie
  5799 | D:7      | Reached skill level 9 in Axes
  5858 | D:7      | Noticed Menkaure
  5873 | D:7      | Killed Menkaure
  6019 | D:7      | Found a hazy altar of Hepliaklqana.
  6157 | D:7      | 6157 ||| Stepping ~*~*~tactically~*~*~ (hiding).
  6158 | D:7      | 6158 ||| Stepping ~*~*~tactically~*~*~ (stealth).
  6319 | D:7      | 6319 ||| READING 2 scrolls of identify.
  6319 | D:7      | 6319 ||| IDENTIFYING fizzy blue potion
  6360 | D:8      | Noticed Pikel
  6382 | D:8      | Killed Pikel
  6384 | D:8      | 6384 ||| DROPPING +0 flail.
  6425 | D:8      | Reached skill level 10 in Axes
  6439 | D:8      | Reached XP level 10. HP: 63/63 MP: 10/10
  6605 | D:8      | Noticed a two-headed ogre
  6615 | D:8      | HP: 5/63 [two-headed ogre/+0 giant club (12)]
  6616 | D:8      | 6616 ||| DRINKING 2 potions of heal wounds.
  6618 | D:8      | Killed a two-headed ogre
  6736 | D:8      | Noticed Joseph
  6759 | D:8      | Killed Joseph
  6856 | D:8      | Noticed Psyche
  6867 | D:8      | Killed Psyche
  6868 | D:8      | Reached skill level 3 in Throwing
  6869 | D:8      | Noticed a two-headed ogre
  6881 | D:8      | Killed a two-headed ogre
  6978 | D:8      | 6978 ||| Stepping ~*~*~tactically~*~*~ (hiding).
  7077 | D:8      | 7077 ||| Stepping ~*~*~tactically~*~*~ (stealth).
  7082 | D:8      | 7082 ||| Stepping ~*~*~tactically~*~*~ (stealth).
  7084 | D:8      | 7084 ||| Stepping ~*~*~tactically~*~*~ (stealth).
  7362 | D:8      | 7362 ||| Stepping ~*~*~tactically~*~*~ (hiding).
  7377 | D:8      | 7377 ||| READING 2 scrolls labelled UTOBLI WA FYAS.
  7378 | D:8      | 7378 ||| READING scroll of enchant armour.
  7378 | D:8      | 7378 ||| ENCHANTING +2 plate armour of fire resistance.
  7379 | D:8      | 7379 ||| READING scroll labelled CILUNIHETO.
  7380 | D:8      | 7380 ||| DRINKING 2 white potions.
  7381 | D:8      | 7381 ||| DRINKING potion of curing.
  7381 | D:8      | 7381 ||| (to cure confusion)
  7382 | D:8      | 7382 ||| DROPPING potion of ambrosia.
  7407 | D:9      | Found a staircase to the Orcish Mines.
  7412 | D:9      | Noticed a two-headed ogre
  7424 | D:9      | Killed a two-headed ogre
  7432 | D:9      | Reached skill level 11 in Axes
  7432 | D:9      | Reached XP level 11. HP: 67/68 MP: 11/11
  7504 | D:9      | Identified the +4 spear of Non Obstante Veredicto {heavy,
                  | Fly Will++ Int+3}
  7642 | D:9      | 7642 ||| Stepping ~*~*~tactically~*~*~ (stealth).
  7646 | D:9      | 7646 ||| Stepping ~*~*~tactically~*~*~ (stealth).
  7648 | D:9      | 7648 ||| Stepping ~*~*~tactically~*~*~ (stealth).
  7695 | D:9      | Reached skill level 9 in Fighting
  7709 | D:9      | Found a staircase to the Lair.
  7805 | D:9      | Found a flagged portal.
  7828 | D:9      | Noticed a two-headed ogre
  7837 | D:9      | Killed a two-headed ogre
  7979 | D:9      | 7979 ||| Stepping ~*~*~tactically~*~*~ (hiding).
  7982 | D:9      | 7982 ||| Stepping ~*~*~tactically~*~*~ (hiding).
  8149 | D:9      | Reached skill level 12 in Axes
  8317 | D:9      | 8317 ||| UPGRADING to +2 cloak.
  8322 | D:9      | 8322 ||| DROPPING +4 ring of protection.
  8323 | D:9      | 8323 ||| DROPPING +6 ring of intelligence.
  8324 | D:9      | 8324 ||| READING scroll labelled MEREIC WAKUCK.
  8351 | D:10     | Entered Level 10 of the Dungeon
  8405 | D:10     | 8405 ||| Stepping ~*~*~tactically~*~*~ (hiding).
  8419 | D:10     | 8419 ||| Stepping ~*~*~tactically~*~*~ (stealth).
  8421 | D:10     | 8421 ||| Stepping ~*~*~tactically~*~*~ (stealth).
  8476 | D:10     | Found an iron altar of Okawaru.
  8477 | D:10     | 8477 ||| PLANNING OKAWARU WORSHIP
  8477 | D:10     | 8477 ||| READING 3 scrolls of identify.
  8477 | D:10     | 8477 ||| IDENTIFYING yellow potion
  8478 | D:10     | 8478 ||| READING 2 scrolls of identify.
  8478 | D:10     | 8478 ||| IDENTIFYING bubbling inky potion
  8479 | D:10     | 8479 ||| DROPPING potion of berserk rage.
  8484 | D:10     | Became a worshipper of Warmaster Okawaru
  8485 | D:10     | 8485 ||| PLANNING D:1-11
  8520 | D:10     | Reached skill level 9 in Armour
  8522 | D:10     | Reached skill level 6 in Shields
  8568 | D:10     | 8568 ||| Stepping ~*~*~tactically~*~*~ (stealth).
  8889 | D:10     | Reached * piety under Okawaru
  8945 | D:10     | 8945 ||| READING scroll of enchant weapon.
  8945 | D:10     | 8945 ||| ENCHANTING +1 broad axe.
  9139 | D:10     | Reached skill level 1 in Invocations
  9171 | D:10     | Reached ** piety under Okawaru
  9179 | D:10     | Reached skill level 3 in Invocations
  9203 | D:10     | 9203 ||| PLANNING LAIR
  9203 | D:10     | 9203 ||| READING scroll labelled QUPIHA ZAGISMU.
  9204 | D:10     | 9204 ||| READING 2 scrolls of identify.
  9204 | D:10     | 9204 ||| IDENTIFYING orange potion
  9263 | Lair:1   | Entered Level 1 of the Lair of Beasts
  9263 | Lair:1   | Noticed Nergalle
  9263 | Lair:1   | Found a frozen archway.
  9264 | Lair:1   | 9264 ||| Stepping ~*~*~tactically~*~*~ (hiding).
  9265 | Lair:1   | 9265 ||| INVOKING Heroism.
  9276 | Lair:1   | Reached XP level 12. HP: 76/76 MP: 12/14
  9282 | Lair:1   | Killed Nergalle
  9306 | Lair:1   | 9306 ||| INVOKING Heroism.
  9342 | Lair:1   | 9342 ||| INVOKING Heroism.
  9357 | Lair:1   | 9357 ||| Stepping ~*~*~tactically~*~*~ (stealth).
  9367 | Lair:1   | 9367 ||| INVOKING Heroism.
  9430 | Lair:1   | Reached *** piety under Okawaru
  9479 | Lair:1   | 9479 ||| Stepping ~*~*~tactically~*~*~ (stealth).
  9670 | Lair:1   | 9670 ||| INVOKING Heroism.
  9815 | Lair:1   | 9815 ||| Stepping ~*~*~tactically~*~*~ (stealth).
  9821 | Lair:1   | 9821 ||| INVOKING Heroism.
  9829 | Lair:1   | Reached skill level 13 in Axes
  9873 | Lair:1   | Found a dark tunnel.
  9972 | Lair:1   | Noticed a boulder beetle
  9973 | Lair:1   | 9973 ||| INVOKING Heroism.
  9984 | Lair:1   | Killed a boulder beetle
  9995 | Lair:1   | Received a gift from Okawaru
 10626 | Lair:2   | 10626 ||| Stepping ~*~*~tactically~*~*~ (stealth).
 10629 | Lair:2   | Found a staircase to the Snake Pit.
 10631 | Lair:2   | 10631 ||| FLEEEEING.
 10632 | Lair:2   | 10632 ||| FLEEEEING.
 10633 | Lair:2   | 10633 ||| Stepping ~*~*~tactically~*~*~ (hiding).
 10635 | Lair:2   | 10635 ||| STAIRDANCE
 10691 | Lair:2   | 10691 ||| INVOKING Heroism.
 10732 | Lair:2   | 10732 ||| Stepping ~*~*~tactically~*~*~ (stealth).
 10767 | Lair:2   | Reached **** piety under Okawaru
 10808 | Lair:2   | 10808 ||| INVOKING Heroism.
 10809 | Lair:2   | Received a gift from Okawaru
 10838 | Lair:2   | Reached XP level 13. HP: 82/82 MP: 16/16
 10858 | Lair:2   | 10858 ||| INVOKING Heroism.
 10878 | Lair:2   | 10878 ||| INVOKING Heroism.
 10910 | Lair:2   | Reached skill level 14 in Axes
 11081 | Lair:2   | 11081 ||| Stepping ~*~*~tactically~*~*~ (stealth).
 11083 | Lair:2   | 11083 ||| Stepping ~*~*~tactically~*~*~ (stealth).
 11111 | Lair:2   | Reached skill level 6 in Invocations
 11277 | Lair:2   | 11277 ||| Stepping ~*~*~tactically~*~*~ (stealth).
 11282 | Lair:2   | 11282 ||| Stepping ~*~*~tactically~*~*~ (stealth).
 11337 | Lair:2   | 11337 ||| INVOKING Heroism.
 11559 | Lair:2   | 11559 ||| INVOKING Heroism.
 11635 | Lair:3   | Found a staircase to the Shoals.
 11639 | Lair:3   | 11639 ||| STAIRDANCE
 11668 | Lair:3   | 11668 ||| STAIRDANCE
 11724 | Lair:3   | 11724 ||| Stepping ~*~*~tactically~*~*~ (stealth).
 11726 | Lair:3   | 11726 ||| INVOKING Heroism.
 11730 | Lair:3   | Received a gift from Okawaru
 11799 | Lair:3   | 11799 ||| READING scroll of enchant weapon.
 11799 | Lair:3   | 11799 ||| ENCHANTING +2 broad axe.
 11903 | Lair:3   | Reached ***** piety under Okawaru
 11967 | Lair:3   | 11967 ||| Stepping ~*~*~tactically~*~*~ (hiding).
 11973 | Lair:3   | 11973 ||| INVOKING Heroism.
 12496 | Lair:3   | 12496 ||| DROPPING ring of willpower.
 12586 | Lair:4   | Found a staircase to the Slime Pits.
 12586 | Lair:4   | Found a viscous altar of Jiyva.
 12590 | Lair:4   | 12590 ||| INVOKING Heroism.
 12673 | Lair:4   | 12673 ||| Stepping ~*~*~tactically~*~*~ (stealth).
 12822 | Lair:4   | 12822 ||| INVOKING Heroism.
 12849 | Lair:4   | 12849 ||| Stepping ~*~*~tactically~*~*~ (stealth).
 12851 | Lair:4   | 12851 ||| INVOKING Heroism.
 12859 | Lair:4   | Reached skill level 9 in Invocations
 13057 | Lair:4   | 13057 ||| INVOKING Heroism.
 13105 | Lair:4   | 13105 ||| INVOKING Heroism.
 13106 | Lair:4   | 13106 ||| Stepping ~*~*~tactically~*~*~ (stealth).
 13107 | Lair:4   | 13107 ||| INVOKING Finesse.
 13108 | Lair:4   | 13108 ||| Stepping ~*~*~tactically~*~*~ (stealth).
 13110 | Lair:4   | 13110 ||| Stepping ~*~*~tactically~*~*~ (stealth).
 13111 | Lair:4   | 13111 ||| SWAPPING to +2 flail of freezing.
 13116 | Lair:4   | Received a gift from Okawaru
 13117 | Lair:4   | 13117 ||| SWAPPING to +3 broad axe.
 13179 | Lair:4   | 13179 ||| INVOKING Heroism.
 13180 | Lair:4   | 13180 ||| Stepping ~*~*~tactically~*~*~ (stealth).
 13181 | Lair:4   | 13181 ||| Stepping ~*~*~tactically~*~*~ (stealth).
 13191 | Lair:4   | Gained mutation: Your large and strong wings let you fly.
                  | [Gargoyle growth]
 13191 | Lair:4   | Reached XP level 14. HP: 90/90 MP: 19/21
 13206 | Lair:4   | 13206 ||| Stepping ~*~*~tactically~*~*~ (stealth).
 13208 | Lair:4   | 13208 ||| Stepping ~*~*~tactically~*~*~ (stealth).
 13224 | Lair:4   | 13224 ||| INVOKING Finesse.
 13401 | Lair:5   | Entered Level 5 of the Lair of Beasts
 13402 | Lair:5   | 13402 ||| INVOKING Heroism.
 13403 | Lair:5   | 13403 ||| SWAPPING to +2 flail of freezing.
 13411 | Lair:5   | Reached skill level 3 in Dodging
 13411 | Lair:5   | 13411 ||| SWAPPING to +3 broad axe.
 13425 | Lair:5   | 13425 ||| STAIRDANCE
 13468 | Lair:5   | 13468 ||| STAIRDANCE
 13515 | Lair:5   | 13515 ||| INVOKING Heroism.
 13560 | Lair:5   | 13560 ||| READING scroll of enchant weapon.
 13560 | Lair:5   | 13560 ||| ENCHANTING +3 broad axe.
 13589 | Lair:5   | 13589 ||| Stepping ~*~*~tactically~*~*~ (stealth).
 13600 | Lair:5   | Reached skill level 15 in Axes
 13617 | Lair:5   | Received a gift from Okawaru
 13659 | Lair:5   | 13659 ||| INVOKING Heroism.
 13663 | Lair:5   | 13663 ||| Stepping ~*~*~tactically~*~*~ (stealth).
 13664 | Lair:5   | 13664 ||| SWAPPING to +2 flail of freezing.
 13670 | Lair:5   | 13670 ||| SWAPPING to +4 broad axe.
 13871 | Lair:5   | 13871 ||| Stepping ~*~*~tactically~*~*~ (stealth).
 13889 | Lair:5   | Reached skill level 12 in Fighting
 13972 | Lair:5   | 13972 ||| INVOKING Heroism.
 14009 | Lair:5   | 14009 ||| Stepping ~*~*~tactically~*~*~ (stealth).
 14022 | Lair:5   | Received a gift from Okawaru
 14030 | Lair:5   | 14030 ||| Stepping ~*~*~tactically~*~*~ (stealth).
 14084 | Lair:5   | 14084 ||| Stepping ~*~*~tactically~*~*~ (stealth).
 14085 | Lair:5   | 14085 ||| INVOKING Heroism.
 14099 | Lair:5   | Received a gift from Okawaru
 14112 | Lair:5   | 14112 ||| INVOKING Heroism.
 14118 | Lair:5   | Reached skill level 6 in Throwing
 14121 | Lair:5   | Reached skill level 12 in Armour
 14137 | Lair:5   | 14137 ||| Stepping ~*~*~tactically~*~*~ (stealth).
 14140 | Lair:5   | 14140 ||| Stepping ~*~*~tactically~*~*~ (stealth).
 14141 | Lair:5   | 14141 ||| Stepping ~*~*~tactically~*~*~ (stealth).
 14142 | Lair:5   | 14142 ||| Stepping ~*~*~tactically~*~*~ (stealth).
 14145 | Lair:5   | 14145 ||| SWAPPING to +2 flail of freezing.
 14152 | Lair:5   | 14152 ||| SWAPPING to +4 broad axe.
 14164 | Lair:5   | Identified the staff of the Mind {Contam Drain rElec rC++
                  | Dex+2 Earth}
 14184 | Lair:5   | 14184 ||| Stepping ~*~*~tactically~*~*~ (stealth).
 14186 | Lair:5   | 14186 ||| Stepping ~*~*~tactically~*~*~ (stealth).
 14201 | Lair:5   | 14201 ||| Stepping ~*~*~tactically~*~*~ (stealth).
 14204 | Lair:5   | 14204 ||| Stepping ~*~*~tactically~*~*~ (stealth).
 14206 | Lair:5   | 14206 ||| Stepping ~*~*~tactically~*~*~ (stealth).
 14304 | Lair:5   | Found a runed translucent gate.
 14304 | Lair:5   | Found a runed translucent gate.
 14304 | Lair:5   | Found a runed translucent gate.
 14307 | Lair:5   | Noticed qw's ghost (journeyman GrFi)
 14666 | Lair:5   | 14666 ||| PLANNING D:1-11
 14666 | Lair:5   | 14666 ||| UPGRADING to amulet of reflection.
 14837 | D:11     | 14837 ||| Stepping ~*~*~tactically~*~*~ (hiding).
 14876 | D:11     | 14876 ||| DRINKING 6 potions of curing.
 14876 | D:11     | 14876 ||| (to cure confusion)
 14882 | D:11     | Received a gift from Okawaru
 14932 | D:11     | 14932 ||| Stepping ~*~*~tactically~*~*~ (hiding).
 14934 | D:11     | 14934 ||| Stepping ~*~*~tactically~*~*~ (stealth).
 14936 | D:11     | 14936 ||| Stepping ~*~*~tactically~*~*~ (hiding).
 14937 | D:11     | 14937 ||| Stepping ~*~*~tactically~*~*~ (hiding).
 14938 | D:11     | 14938 ||| Stepping ~*~*~tactically~*~*~ (hiding).
 14940 | D:11     | 14940 ||| Stepping ~*~*~tactically~*~*~ (hiding).
 14942 | D:11     | 14942 ||| Stepping ~*~*~tactically~*~*~ (stealth).
 15298 | D:11     | 15298 ||| SWAPPING to +1 vampiric war axe.
 15424 | D:11     | 15424 ||| PLANNING D
 15424 | D:11     | 15424 ||| READING 3 scrolls of identify.
 15424 | D:11     | 15424 ||| IDENTIFYING fuming black potion
 15451 | D:12     | Found Ischoikk's Jewellery Emporium.
 15459 | D:12     | 15459 ||| BUYING amulet of faith (600 gold).
 15459 | D:12     | Bought an amulet of faith for 600 gold pieces
 15623 | D:12     | 15623 ||| READING scroll of enchant armour.
 15623 | D:12     | 15623 ||| ENCHANTING +3 plate armour of fire resistance.
 15875 | D:12     | Reached XP level 15. HP: 96/96 MP: 22/22
 16107 | D:12     | Received a gift from Okawaru
 16212 | D:12     | 16212 ||| Stepping ~*~*~tactically~*~*~ (stealth).
 16215 | D:12     | 16215 ||| Stepping ~*~*~tactically~*~*~ (stealth).
 16216 | D:12     | 16216 ||| Stepping ~*~*~tactically~*~*~ (stealth).
 16218 | D:12     | 16218 ||| Stepping ~*~*~tactically~*~*~ (hiding).
 16221 | D:12     | Identified the +7 executioner's axe of the Bedazzling
                  | Priest {venom, rCorr}
 16264 | D:12     | 16264 ||| Stepping ~*~*~tactically~*~*~ (hiding).
 16374 | D:12     | 16374 ||| Stepping ~*~*~tactically~*~*~ (hiding).
 16633 | D:12     | 16633 ||| UPGRADING to amulet of faith.
 16703 | D:13     | 16703 ||| INVOKING Heroism.
 16711 | D:13     | Reached skill level 16 in Axes
 16771 | D:13     | 16771 ||| INVOKING Heroism.
 16990 | D:13     | 16990 ||| Stepping ~*~*~tactically~*~*~ (stealth).
 17059 | D:13     | 17059 ||| Stepping ~*~*~tactically~*~*~ (hiding).
 17060 | D:13     | 17060 ||| Stepping ~*~*~tactically~*~*~ (hiding).
 17177 | D:13     | Found a transporter.
 17220 | D:13     | Received a gift from Okawaru
 17373 | D:13     | Found a transporter.
 17426 | D:13     | 17426 ||| INVOKING Heroism.
 17427 | D:13     | 17427 ||| SWAPPING to +2 flail of freezing.
 17428 | D:13     | 17428 ||| INVOKING Finesse.
 17440 | D:13     | 17440 ||| SWAPPING to +1 vampiric war axe.
 17526 | D:13     | 17526 ||| INVOKING Heroism.
 17831 | D:13     | 17831 ||| DRINKING 3 metallic blue potions.
 17933 | D:14     | 17933 ||| Stepping ~*~*~tactically~*~*~ (hiding).
 17935 | D:14     | 17935 ||| Stepping ~*~*~tactically~*~*~ (hiding).
 18048 | D:14     | Found a sparkling altar of Nemelex Xobeh.
 18204 | D:14     | 18204 ||| INVOKING Heroism.
 18206 | D:14     | Identified the +3 war axe of Joyful Slaughter {vamp,
                  | Fragile rElec Int+9 Stlth-} (Okawaru gifted it to you on
                  | level 14 of the Dungeon)
 18206 | D:14     | Received a gift from Okawaru
 18366 | D:14     | 18366 ||| INVOKING Heroism.
 18502 | D:14     | Found a gate to the Vaults.
 18515 | D:14     | 18515 ||| READING 9 scrolls of identify.
 18515 | D:14     | 18515 ||| IDENTIFYING viscous inky potion
 18576 | D:14     | 18576 ||| Stepping ~*~*~tactically~*~*~ (hiding).
 18618 | D:14     | 18618 ||| INVOKING Heroism.
 18694 | D:14     | 18694 ||| INVOKING Heroism.
 18695 | D:14     | 18695 ||| INVOKING Finesse.
 18700 | D:14     | 18700 ||| DRINKING 5 potions of curing.
 18700 | D:14     | 18700 ||| (to cure confusion)
 18769 | D:14     | Found a radiant altar of Vehumet.
 18998 | D:14     | 18998 ||| READING scroll labelled ZEDGHE GISOPN.
 18998 | D:14     | Identified a scroll of acquirement
 18998 | D:14     | 18998 ||| ACQUIRING 1130 gold pieces
 18998 | D:14     | Acquired 1130 gold pieces
 19003 | D:15     | Entered Level 15 of the Dungeon
 19041 | D:15     | 19041 ||| INVOKING Heroism.
 19149 | D:15     | 19149 ||| Stepping ~*~*~tactically~*~*~ (stealth).
 19150 | D:15     | Noticed Josephine
 19169 | D:15     | Noticed Louise
 19170 | D:15     | 19170 ||| INVOKING Heroism.
 19179 | D:15     | Killed Josephine
 19187 | Abyss:2  | Cast into level 2 of the Abyss (Louise)
 19212 | Abyss:2  | 19212 ||| Stepping ~*~*~tactically~*~*~ (stealth).
 19235 | Abyss:2  | 19235 ||| Stepping ~*~*~tactically~*~*~ (stealth).
 19247 | Abyss:2  | 19247 ||| Stepping ~*~*~tactically~*~*~ (stealth).
 19310 | Abyss:2  | Found a corrupted altar of Lugonu.
 19312 | Abyss:2  | 19312 ||| Stepping ~*~*~tactically~*~*~ (stealth).
 19337 | Abyss:2  | 19337 ||| INVOKING Heroism.
 19370 | Abyss:2  | HP: 23/98 [starcursed mass/accursed screaming (5)]
 19371 | Abyss:2  | 19371 ||| READING 6 scrolls of teleportation.
 19372 | Abyss:2  | 19372 ||| DRINKING 3 potions of heal wounds.
 19373 | Abyss:2  | 19373 ||| INVOKING Heroism.
 19374 | Abyss:2  | Received a gift from Okawaru
 19375 | Abyss:2  | Reached skill level 9 in Shields
 19382 | Abyss:2  | Noticed a bone dragon
 19383 | Abyss:2  | 19383 ||| Stepping ~*~*~tactically~*~*~ (stealth).
 19414 | Abyss:2  | 19414 ||| INVOKING Heroism.
 19442 | Abyss:2  | 19442 ||| Stepping ~*~*~tactically~*~*~ (stealth).
 19443 | Abyss:2  | 19443 ||| Stepping ~*~*~tactically~*~*~ (stealth).
 19444 | Abyss:2  | 19444 ||| Stepping ~*~*~tactically~*~*~ (stealth).
 19446 | Abyss:2  | 19446 ||| Stepping ~*~*~tactically~*~*~ (stealth).
 19474 | Abyss:2  | Noticed a tentacled starspawn
 19475 | Abyss:2  | 19475 ||| Stepping ~*~*~tactically~*~*~ (stealth).
 19491 | Abyss:2  | Noticed a tentacled starspawn
 19492 | Abyss:2  | 19492 ||| Stepping ~*~*~tactically~*~*~ (stealth).
 19507 | Abyss:2  | Killed a tentacled starspawn
 19548 | Abyss:2  | 19548 ||| Stepping ~*~*~tactically~*~*~ (stealth).
 19550 | Abyss:2  | 19550 ||| Stepping ~*~*~tactically~*~*~ (stealth).
 19552 | Abyss:2  | 19552 ||| Stepping ~*~*~tactically~*~*~ (stealth).
 19559 | Abyss:2  | 19559 ||| Stepping ~*~*~tactically~*~*~ (cloud).
 19565 | Abyss:2  | 19565 ||| Stepping ~*~*~tactically~*~*~ (cloud).
 19568 | Abyss:2  | 19568 ||| INVOKING Heroism.
 19583 | Abyss:2  | 19583 ||| Stepping ~*~*~tactically~*~*~ (stealth).
 19583 | Abyss:2  | Found a corrupted altar of Lugonu.
 19585 | Abyss:2  | 19585 ||| Stepping ~*~*~tactically~*~*~ (stealth).
 19590 | Abyss:2  | 19590 ||| Stepping ~*~*~tactically~*~*~ (hiding).
 19591 | Abyss:2  | 19591 ||| Stepping ~*~*~tactically~*~*~ (hiding).
 19605 | Abyss:2  | Killed a tentacled starspawn
 19689 | Abyss:2  | 19689 ||| Stepping ~*~*~tactically~*~*~ (stealth).
 19706 | Abyss:2  | 19706 ||| Stepping ~*~*~tactically~*~*~ (stealth).
 19741 | Abyss:2  | 19741 ||| Stepping ~*~*~tactically~*~*~ (stealth).
 19757 | Abyss:2  | Reached XP level 16. HP: 105/105 MP: 23/23
 19757 | Abyss:2  | Found a corrupted altar of Lugonu.
 19759 | D:15     | Escaped the Abyss
 19760 | D:15     | 19760 ||| INVOKING Heroism.
 19791 | D:15     | HP: 26/105 [Louise/+1 trident of venom (3)]
 19792 | D:15     | 19792 ||| READING 5 scrolls of teleportation.
 19793 | D:15     | 19793 ||| DRINKING 2 potions of heal wounds.
 19948 | D:15     | 19948 ||| Stepping ~*~*~tactically~*~*~ (stealth).
 20015 | D:15     | 20015 ||| INVOKING Heroism.
 20018 | D:15     | 20018 ||| Stepping ~*~*~tactically~*~*~ (hiding).
 20026 | Abyss:3  | Cast into level 3 of the Abyss (Louise)
 20071 | Abyss:3  | Gained mutation: You are weak. (Str -2) [a shining eye]
 20076 | Abyss:3  | Gained mutation: You are occasionally teleported next to
                  | monsters. [a shining eye]
 20080 | Abyss:3  | Lost mutation: You are weak. (Str -2) [a shining eye]
 20085 | Abyss:3  | 20085 ||| DRINKING 5 potions of mutation.
 20085 | Abyss:3  | Lost mutation: You are occasionally teleported next to
                  | monsters. [potion of mutation]
 20085 | Abyss:3  | Lost mutation: You have a somewhat thin skeletal structure.
                  | (Dex +2, Stealth+) [potion of mutation]
 20085 | Abyss:3  | Gained mutation: You possess an exceptional clarity of
                  | mind. [potion of mutation]
 20085 | Abyss:3  | Gained mutation: You are frail. (-10% HP) [potion of
                  | mutation]
 20085 | Abyss:3  | Gained mutation: You are somewhat resistant to further
                  | mutation. [potion of mutation]
 20086 | Abyss:3  | 20086 ||| DRINKING 4 potions of mutation.
 20086 | Abyss:3  | Lost mutation: You are somewhat resistant to further
                  | mutation. [potion of mutation]
 20086 | Abyss:3  | Lost mutation: You are agile. (Dex +4, Str/Int -1) [potion
                  | of mutation]
 20086 | Abyss:3  | Lost mutation: Your movements are slightly less encumbered
                  | by armour. (ER -2) [potion of mutation]
 20086 | Abyss:3  | Lost mutation: You are frail. (-10% HP) [potion of
                  | mutation]
 20086 | Abyss:3  | Gained mutation: You are vulnerable to heat. (rF-) [potion
                  | of mutation]
 20086 | Abyss:3  | Gained mutation: You are robust. (+10% HP) [potion of
                  | mutation]
 20087 | Abyss:3  | Noticed an ancient lich
 20088 | Abyss:3  | 20088 ||| INVOKING Heroism.
 20090 | Abyss:3  | Found a corrupted altar of Lugonu.
 20091 | Abyss:3  | 20091 ||| Stepping ~*~*~tactically~*~*~ (hiding).
 20092 | Abyss:3  | 20092 ||| Stepping ~*~*~tactically~*~*~ (hiding).
 20121 | Abyss:3  | HP: 18/116 [ancient lich/bolt of acid (28)]
 20122 | Abyss:3  | 20122 ||| READING 4 scrolls of teleportation.
 20123 | Abyss:3  | 20123 ||| DRINKING potion of heal wounds.
 20128 | Abyss:3  | Killed from afar by an ancient lich

Levels and vault maps discovered:
D:1:      dpeg_arrival_tiny_a, layout_basic, kennysheep_boxes
D:2:      layout_loops_ring, minmay_distorted, uniq_natasha
D:3:      layout_basic, nicolae_overflows_in_rows, dk_noncrumbling_2
D:4:      layout_cave_pools, reono_crystal_passage, minmay_misc_feat_room,
          nicolae_shop_clearance
D:5:      kennysheep_kobold_camp, layout_basic, dk_noncrumbling_3
D:6:      layout_gridville, serial_shops, nicolae_shop_window_shopping,
          mrwooster_statue_mirror, chequers_big_river, minivault_27
D:7:      layout_loops_ring, kennysheep_mini_moat, lemuel_doored_altar,
          gammafunk_temple_overflow_arena, minmay_temple_entry_sparse_star,
          serial_bayou, serial_bayou_ford_a, serial_bayou_shore_b,
          serial_bayou_pond_e, serial_bayou_shore_b, serial_bayou_shore_b,
          serial_bayou_shore_b, corexii_item_surrounded_by_moat, uniq_duvessa,
          uniq_menkaure, uniq_maggie
D:8:      layout_gridville, uniq_joseph, uniq_pikel, uniq_psyche
D:9:      layout_irregular_city, erik_lair_island, enter_bailey_2
D:10:     layout_cave_pods, mainiacjoe_overflow_small_starburst
D:11:     layout_cave_pools, minmay_circle_x
D:12:     layout_loops_corners, serial_shops, shop, serial_bayou_pond_b,
          argonaut_gorgonesque
D:13:     layout_long_grid, nicolae_diode_stairs
D:14:     layout_basic, skrybe_vaults_entry_preservation, vehumet_crystals,
          nemelex_altar_shiori
D:15:     grunt_enter_depths_hoard, layout_rooms, gammafunk_ghost_hydra_chop,
          serial_bayou_crossing, uniq_jorgrun, uniq_josephine, uniq_louise
Temple:   hellmonk_temple_flake
Lair:1:   layout_loops_ring, nicolae_volcano_entry_s_turn,
          portal_ice_cave_entry_pillars_1, serial_forest,
          infiniplex_forest_straight_4, infiniplex_forest_lined_room_2,
          infiniplex_forest_zigzag_1, infiniplex_forest_side_room,
          infiniplex_forest_lined_4_way, infiniplex_forest_clump_large,
          infiniplex_forest_lined_ring, infiniplex_forest_zigzag_2,
          infiniplex_forest_3_way, grunt_forest_large_clearing_hut,
          uniq_nergalle
Lair:2:   layout_chaotic_city, nicolae_snake_entry_warm_welcome,
          grunt_megastairs_5, infiniplex_staircase_pool
Lair:3:   layout_hall_layers, nicolae_shoals_entry_roost, lemuel_fruit_tree,
          infiniplex_staircase_pool_2, lemuel_fruit_fields
Lair:4:   layout_loops_ring, slime_entry_1, st_stairs_3, minivault_19,
          chequers_serial_rivers_small_b
Lair:5:   grunt_lair_end_beastmaster, layout_gridlike, ebering_ghost_rock_garden
Abyss:3:  base: IceCv, abyss_exit_lava, kilobyte_mutagenic_chamber

Skill      XL: |  1  2  3  4  5  6  7  8  9 10 11 12 13 14 15 16 |
---------------+-------------------------------------------------+-----
Axes           | 2 3 4 5 6 7 8 10 11 12 13 14 15 16 | 16.0
Fighting       | 4 6 7 8 9 10 11 12 13 14 | 14.0
Armour         | 4 5 6 8 10 11 12 13 | 13.0
Throwing       | 1 2 3 5 6 7 |  7.1
Dodging        | 1 2 3 4 |  4.5
Shields        | 4 5 6 7 9 |  9.1
Invocations    | 3 5 9 10 | 10.0

Action                     |  1- 3 |  4- 6 |  7- 9 | 10-12 | 13-15 | 16-18 || total
---------------------------+-------+-------+-------+-------+-------+-------++-------
  Melee: War axe           |    68 |   157 |    70 |       |   583 |    94 ||   972
         Broad axe         |       |       |   206 |   551 |   645 |       ||  1402
         Flail             |       |       |       |       |    31 |       ||    31
  Throw: Javelin           |       |     6 |    24 |    45 |    80 |       ||   155
         Boomerang         |       |       |       |    70 |   100 |     7 ||   177
 Invoke: Heroism           |       |       |       |     9 |    32 |     3 ||    44
         Finesse           |       |       |       |       |     4 |       ||     4
    Use: Scroll            |     2 |     5 |     5 |     9 |     7 |     2 ||    30
         Potion            |       |     4 |     1 |     3 |     4 |     4 ||    16
   Stab: Petrified         |       |       |       |       |     6 |       ||     6
         Petrifying        |       |       |       |       |     1 |       ||     1
         Distracted        |       |       |       |       |     1 |       ||     1
 Armour: Scale mail        |    38 |    16 |       |       |       |       ||    54
         Chain mail        |       |    17 |       |       |       |       ||    17
         Plate armour      |       |    37 |   218 |   413 |   723 |    27 ||  1418
  Dodge: Dodged            |    26 |    80 |   215 |   403 |   754 |    42 ||  1520
  Block: Buckler           |     9 |    32 |    69 |   180 |   375 |    18 ||   683
         Reflection        |       |       |       |       |     8 |       ||     8

Table legend:
 A = Non-vault XP
 B = Vault XP
 C = Vault XP percentage of total XP
 D = Non-vault monster count
 E = Vault monster count
 F = Vault count percentage of total count
                 A         B        C        D         E       F
            +---------+---------+-------+---------+---------+-------
      Total |  106990 |   25205 |  19.1 |     481 |      96 |  16.6
            +---------+---------+-------+---------+---------+-------
        D:1 |      44 |       0 |   0.0 |      24 |       0 |   0.0
        D:2 |      18 |      52 |  74.3 |      11 |       4 |  26.7
        D:3 |      61 |       0 |   0.0 |      12 |       0 |   0.0
        D:4 |     175 |       0 |   0.0 |      20 |       0 |   0.0
        D:5 |     162 |     130 |  44.5 |      10 |      19 |  65.5
        D:6 |    1269 |       0 |   0.0 |      29 |       0 |   0.0
        D:7 |     948 |     796 |  45.6 |      19 |       4 |  17.4
        D:8 |    2913 |    1487 |  33.8 |      32 |       3 |   8.6
        D:9 |    4853 |     695 |  12.5 |      32 |       9 |  22.0
       D:10 |    4238 |       0 |   0.0 |      31 |       0 |   0.0
       D:11 |    4074 |       0 |   0.0 |      15 |       0 |   0.0
       D:12 |    5386 |    2151 |  28.5 |      32 |       4 |  11.1
       D:13 |   11920 |       0 |   0.0 |      22 |       0 |   0.0
       D:14 |    4669 |    4096 |  46.7 |       9 |       9 |  50.0
       D:15 |    5358 |    1319 |  19.8 |      13 |       3 |  18.8
     Lair:1 |    8927 |    1894 |  17.5 |      30 |       4 |  11.8
     Lair:2 |    6438 |    3171 |  33.0 |      31 |      15 |  32.6
     Lair:3 |    6242 |    1199 |  16.1 |      20 |       2 |   9.1
     Lair:4 |   13226 |     496 |   3.6 |      34 |       2 |   5.6
     Lair:5 |   13614 |    7719 |  36.2 |      34 |      18 |  34.6
    Abyss:2 |   10930 |       0 |   0.0 |      18 |       0 |   0.0
    Abyss:3 |    1525 |       0 |   0.0 |       3 |       0 |   0.0
            +---------+---------+-------+---------+---------+-------
